PBL
CALGARY FLAMES @ MADISON BREWERS
10/15/2048
 
TOP OF THE 1ST
American League All-Stars batting - Pitching for National League All-Stars : RHP Troy DiFiore
Pitching: RHP Troy DiFiore
Batting: SHB Alfie Bungledorf 0-0: Ball
1-0: Called Strike
1-1: Ball
2-1: Ball
3-1: SINGLE (Groundball, 6D, EV 104.4 MPH)
Batting: LHB Tsutomu Miyahara 0-0: Ball
1-0: SINGLE (Line Drive, 8RS, EV 106.9 MPH)
Alfie Bungledorf to second
Batting: RHB Chad Thompson 0-0: Called Strike
0-1: Grounds into double play, 6-4-3 (Groundball, 6, EV 87.5 MPH)
Alfie Bungledorf to third
Batting: RHB Ryan Munro 0-0: Foul Ball, location: 2F
0-1: Foul Ball, location: 2F
0-2: SINGLE (Line Drive, 89M, EV 105.6 MPH)
Alfie Bungledorf scores
Batting: LHB Justin Alexander 0-0: Fly out, F6 (Popup, 6D, EV 70.6 MPH)
Top of the 1st over - 1 run, 3 hits, 0 errors, 1 left on base; American League 1 - National League 0
BOTTOM OF THE 1ST
National League All-Stars batting - Pitching for American League All-Stars : RHP Ken Vandercook
Pitching: RHP Ken Vandercook
Batting: RHB John Peterson 0-0: Ground out 6-3 (Groundball, 6M, EV 105.6 MPH)
Batting: RHB Mark Cahill 0-0: Called Strike
0-1: Called Strike
0-2: Hit by Pitch
Batting: LHB Josh George 0-0: Ball
1-0: Foul Ball, location: 2F
1-1: Swinging Strike
1-2: Grounds out, U3 (Groundball, 3L, EV 79.4 MPH)
Batting: RHB Dave Cluster 0-0: Foul Ball, location: 2F
0-1: Swinging Strike
0-2: Hit by Pitch
Batting: RHB Eric Wiss 0-0: Ball
1-0: Ball
2-0: SINGLE (Line Drive, 7LS, EV 99.4 MPH)
Mark Cahill to third
Dave Cluster to second
Runner from 3rd tries for Home, SAFE, throw by LF to home
Batting: RHB Gabe Almazan 0-0: Ball
1-0: Called Strike
1-1: Foul Ball, location: 2F
1-2: Strikes out swinging
Bottom of the 1st over - 1 run, 1 hit, 0 errors, 2 left on base; American League 1 - National League 1
TOP OF THE 2ND
American League All-Stars batting - Pitching for National League All-Stars : RHP Troy DiFiore
Pitching: RHP Arturo Naranjo
Batting: RHB Ron Johansen 0-0: Ball
1-0: Called Strike
1-1: Ball
2-1: Swinging Strike
2-2: Strikes out swinging
Batting: RHB Travis Leonard 0-0: Called Strike
0-1: Ball
1-1: Ball
2-1: Ball
3-1: Swinging Strike
3-2: Foul Ball, location: 2F
3-2: SINGLE (Line Drive, 6D, EV 97.5 MPH)
Batting: RHB Bryan Peterson 0-0: Ball
1-0: SINGLE (Line Drive, 8RS, EV 102.5 MPH)
Travis Leonard to second
Batting: LHB Danny Hull 0-0: Ball
1-0: Called Strike
1-1: Called Strike
1-2: Strikes out swinging
Batting: SHB Alfie Bungledorf 0-0: Ball
Wild Pitch!
Travis Leonard to third
Bryan Peterson to second
1-0: Swinging Strike
1-1: Ball
2-1: Called Strike
2-2: Ball
3-2: Base on Balls
Batting: LHB Tsutomu Miyahara 0-0: Swinging Strike
0-1: Fielders Choice at 2nd, 6-4 (Groundball, 6, EV 91.9 MPH)
Top of the 2nd over - 0 runs, 2 hits, 0 errors, 3 left on base; American League 1 - National League 1
BOTTOM OF THE 2ND
National League All-Stars batting - Pitching for American League All-Stars : RHP Ken Vandercook
Pitching: LHP Will Sledge
Batting: RHB Tony Rivera 0-0: Called Strike
0-1: Ball
1-1: Ball
2-1: Ball
3-1: Base on Balls
Batting: RHB John Savard 0-0: Called Strike
0-1: Foul Ball, location: 2F
0-2: Fly out, F9 (Flyball, 9, EV 78.1 MPH)
Batting: RHB John McNeill 0-0: Ball
1-0: Ball
2-0: Fly out, F8 (Flyball, 8RD, EV 100.0 MPH)
Batting: RHB John Peterson 0-0: Swinging Strike
Tony Rivera is caught stealing 2nd base 2-4
Bottom of the 2nd over - 0 runs, 0 hits, 0 errors, 0 left on base; American League 1 - National League 1
TOP OF THE 3RD
American League All-Stars batting - Pitching for National League All-Stars : RHP Arturo Naranjo
Pitching: RHP Omar Orosco
Batting: RHB Chad Thompson 0-0: Ball
1-0: Ball
2-0: Foul Ball, location: 2F
2-1: Ground out 1-3 (Groundball, 13, EV 63.1 MPH)
Batting: RHB Ryan Munro 0-0: Ball
1-0: Fly out, F9 (Flyball, 9LSF, EV 91.9 MPH)
Batting: LHB Justin Alexander 0-0: Called Strike
0-1: Called Strike
0-2: Ball
1-2: Strikes out swinging
Top of the 3rd over - 0 runs, 0 hits, 0 errors, 0 left on base; American League 1 - National League 1
BOTTOM OF THE 3RD
National League All-Stars batting - Pitching for American League All-Stars : LHP Will Sledge
Pitching: RHP Andy Thoennes
Batting: RHB John Peterson 0-0: Ball
1-0: Foul Ball, location: 2F
1-1: Called Strike
1-2: Foul Ball, location: 2F
1-2: Ball
2-2: Ball
3-2: Foul Ball, location: 2F
3-2: Fly out, F8 (Line Drive, 8RD, EV 91.9 MPH)
Batting: RHB Mark Cahill 0-0: Called Strike
0-1: Ball
1-1: Ball
2-1: Ball
3-1: Called Strike
3-2: Strikes out swinging
Batting: LHB Josh George 0-0: Ball
1-0: Ball
2-0: Ball
3-0: Called Strike
3-1: Ground out 6-3 (Groundball, 6M, EV 77.5 MPH)
Bottom of the 3rd over - 0 runs, 0 hits, 0 errors, 0 left on base; American League 1 - National League 1
TOP OF THE 4TH
American League All-Stars batting - Pitching for National League All-Stars : RHP Omar Orosco
Batting: RHB Ron Johansen 0-0: Called Strike
0-1: Ball
1-1: Ball
2-1: Fly out, F9 (Flyball, 89S, EV 96.9 MPH)
Batting: RHB Travis Leonard 0-0: Ball
1-0: Ball
2-0: SINGLE (Groundball, 6MD, EV 100.0 MPH)
Batting: RHB Bryan Peterson 0-0: Ball
Travis Leonard steals 2nd base
1-0: SINGLE (Line Drive, 8RS, EV 100.0 MPH)
Travis Leonard to third
Batting: LHB Danny Hull 0-0: Fielders Choice at 2nd, 1-6 (Groundball, 13S, EV 68.1 MPH)
Batting: SHB Alfie Bungledorf 0-0: Called Strike
Danny Hull steals 2nd, throwing error, E2
Travis Leonard scores
Danny Hull to third
0-1: Foul Ball, location: 9LSF, Error on foul ball, E9
0-2: Fly out, F9 (Flyball, 9LMF, EV 86.2 MPH)
Top of the 4th over - 1 run, 2 hits, 2 errors, 1 left on base; American League 2 - National League 1
BOTTOM OF THE 4TH
National League All-Stars batting - Pitching for American League All-Stars : RHP Andy Thoennes
Pitching: LHP Katsumi Omura
Batting: RHB Dave Cluster 0-0: Ball
1-0: SINGLE (Flyball, 6D, EV 88.8 MPH)
Batting: RHB Eric Wiss 0-0: Called Strike
0-1: Ball
1-1: Ball
2-1: Foul Ball, location: 2F
2-2: Grounds into double play, 6-4-3 (Groundball, 6, EV 106.2 MPH)
Batting: RHB Gabe Almazan 0-0: Foul Ball, location: 2F
0-1: Ground out U3 (Groundball, 3L, EV 100.6 MPH)
Bottom of the 4th over - 0 runs, 1 hit, 0 errors, 0 left on base; American League 2 - National League 1
TOP OF THE 5TH
American League All-Stars batting - Pitching for National League All-Stars : RHP Omar Orosco
Batting: LHB Tsutomu Miyahara 0-0: Ball
1-0: Foul Ball, location: 2F
1-1: Foul Ball, location: 2F
1-2: Strikes out swinging
Batting: RHB Chad Thompson 0-0: Foul Ball, location: 2F
0-1: Fly out, F8 (Flyball, 89M, EV 91.2 MPH)
Pitching: RHP Zack Evans
Batting: RHB Mike Savage 0-0: Called Strike
0-1: Fly out, F8 (Flyball, 8RXD, EV 100.0 MPH)
Top of the 5th over - 0 runs, 0 hits, 0 errors, 0 left on base; American League 2 - National League 1
BOTTOM OF THE 5TH
National League All-Stars batting - Pitching for American League All-Stars : LHP Katsumi Omura
Pitching: RHP Matt Constantino
Batting: RHB Tony Rivera 0-0: SINGLE (Line Drive, 6D, EV 95.6 MPH)
Batting: RHB John Savard 0-0: Called Strike
0-1: Fly out, F8 (Flyball, 78M, EV 91.2 MPH)
Batting: RHB John McNeill 0-0: Ball
1-0: Foul Ball, location: 2F
1-1: Ball
2-1: Called Strike
2-2: Ball
Wild Pitch!
Tony Rivera to second
3-2: Ground out 5-3 (Groundball, 56S, EV 80.0 MPH)
Batting: RHB John Peterson 0-0: Called Strike
0-1: Ball
1-1: Swinging Strike
1-2: Ball
2-2: Foul Ball, location: 2F
2-2: Strikes out swinging
Bottom of the 5th over - 0 runs, 1 hit, 0 errors, 1 left on base; American League 2 - National League 1
TOP OF THE 6TH
American League All-Stars batting - Pitching for National League All-Stars : RHP Zack Evans
Pinch Hitting: LHB Chris Munguia 0-0: Called Strike
0-1: Foul Ball, location: 2F
0-2: Ball
1-2: Strikes out swinging
Batting: RHB Ron Johansen 0-0: SINGLE (Flyball, 78S, EV 90.6 MPH)
Batting: RHB Travis Leonard 0-0: Called Strike
0-1: Ball
Ron Johansen steals 2nd, throwing error, E2
Ron Johansen to third
1-1: Ball
2-1: Ground out U3 (Groundball, 34S, EV 84.4 MPH)
Batting: RHB Bryan Peterson 0-0: Called Strike
0-1: Ball
1-1: Foul Ball, location: 2F
1-2: Fly out, F9 (Flyball, 9, EV 93.8 MPH)
Top of the 6th over - 0 runs, 1 hit, 1 error, 1 left on base; American League 2 - National League 1
BOTTOM OF THE 6TH
National League All-Stars batting - Pitching for American League All-Stars : RHP Matt Constantino
Pitching: RHP Manuel Avitia
Now in LF: Chris Munguia
Batting: RHB Mark Cahill 0-0: Ball
1-0: Called Strike
1-1: Ball
2-1: Swinging Strike
2-2: Strikes out looking
Batting: RHB Brad Santanello 0-0: Foul Ball, location: 2F
0-1: Called Strike
0-2: SOLO HOME RUN (Flyball, 7LD, EV 95.0 MPH), Distance : 354 ft
Batting: RHB Dave Cluster 0-0: Foul Ball, location: 2F
0-1: Ball
1-1: Ball
2-1: Swinging Strike
2-2: Ground out 4-3 (Groundball, 4, EV 87.5 MPH)
Batting: RHB Eric Wiss 0-0: Ball
1-0: Ball
2-0: Ball
3-0: Base on Balls
Batting: RHB Gabe Almazan 0-0: Ball
1-0: Ball
2-0: Swinging Strike
2-1: Foul Ball, location: 2F
2-2: Strikes out swinging
Bottom of the 6th over - 1 run, 1 hit, 0 errors, 1 left on base; American League 2 - National League 2
TOP OF THE 7TH
American League All-Stars batting - Pitching for National League All-Stars : RHP Zack Evans
Pitching: RHP Brian Walker
Batting: LHB Danny Hull 0-0: Called Strike
0-1: Ball
1-1: Ball
2-1: DOUBLE (Groundball, 5L, EV 103.8 MPH)
Batting: SHB Alfie Bungledorf 0-0: Called Strike
0-1: Ball
1-1: Ball
2-1: Bunt missed!
2-2: Ground out 6-3 (Groundball, 6M, EV 85.0 MPH)
Danny Hull to third
Batting: LHB Tsutomu Miyahara 0-0: Ball
1-0: Called Strike
1-1: Swinging Strike
1-2: Ball
2-2: Ball
3-2: Strikes out swinging
Pitching: RHP David LaBounty
Batting: RHB Chad Thompson 0-0: Called Strike
0-1: Foul Ball, location: 2F
0-2: SINGLE (Groundball, 56D, EV 108.8 MPH)
Danny Hull scores
Batting: RHB Mike Savage 0-0: Foul Ball, location: 2F
0-1: Called Strike
0-2: Foul Ball, location: 2F
0-2: Foul Ball, location: 2F
0-2: Strikes out looking
Top of the 7th over - 1 run, 2 hits, 0 errors, 1 left on base; American League 3 - National League 2
BOTTOM OF THE 7TH
National League All-Stars batting - Pitching for American League All-Stars : RHP Manuel Avitia
Batting: RHB Tony Rivera 0-0: Fly out, F9 (Line Drive, 9S, EV 96.2 MPH)
Batting: RHB John Savard 0-0: Swinging Strike
0-1: Ball
1-1: Fly out, F4 (Line Drive, 4, EV 71.2 MPH)
Batting: RHB John McNeill 0-0: Called Strike
0-1: Swinging Strike
0-2: Strikes out swinging
Bottom of the 7th over - 0 runs, 0 hits, 0 errors, 0 left on base; American League 3 - National League 2
TOP OF THE 8TH
American League All-Stars batting - Pitching for National League All-Stars : RHP David LaBounty
Batting: LHB Chris Munguia 0-0: Called Strike
0-1: Swinging Strike
0-2: Ball
1-2: Foul Ball, location: 2F
1-2: Ball
2-2: Fly out, F7 (Flyball, 78S, EV 91.9 MPH)
Pitching: LHP Afanasy Apatenko
Batting: RHB Ron Johansen 0-0: Foul Ball, location: 2F
0-1: Ball
1-1: Called Strike
1-2: Strikes out looking
Batting: RHB Travis Leonard 0-0: Fly out, F5 (Line Drive, 5, EV 64.4 MPH)
Top of the 8th over - 0 runs, 0 hits, 0 errors, 0 left on base; American League 3 - National League 2
BOTTOM OF THE 8TH
National League All-Stars batting - Pitching for American League All-Stars : RHP Manuel Avitia
Pinch Hitting: RHB Masaya Nakamura 0-0: Ball
1-0: Swinging Strike
1-1: Ground out 6-3 (Groundball, 6M, EV 103.1 MPH)
Batting: RHB Mark Cahill 0-0: Called Strike
0-1: Called Strike
0-2: Foul Ball, location: 2F
0-2: Strikes out swinging
Batting: RHB Brad Santanello 0-0: Ball
1-0: Swinging Strike
1-1: Ball
2-1: SINGLE (Line Drive, 7S, EV 96.2 MPH)
Batting: RHB Dave Cluster 0-0: Called Strike
0-1: Ball
1-1: Ball
2-1: Foul Ball, location: 2F
Pickoff Throw to First - Out! 1-3
Bottom of the 8th over - 0 runs, 1 hit, 0 errors, 0 left on base; American League 3 - National League 2
TOP OF THE 9TH
American League All-Stars batting - Pitching for National League All-Stars : LHP Afanasy Apatenko
Now at C: David Clough
Batting: RHB Bryan Peterson 0-0: Called Strike
0-1: Ground out 2-3 (Groundball, 2R, EV 65.0 MPH)
Batting: LHB Danny Hull 0-0: Swinging Strike
0-1: Ball
1-1: Swinging Strike
1-2: Foul Ball, location: 2F
1-2: Strikes out swinging
Batting: SHB Alfie Bungledorf 0-0: Called Strike
0-1: Swinging Strike
0-2: Strikes out looking
Top of the 9th over - 0 runs, 0 hits, 0 errors, 0 left on base; American League 3 - National League 2
BOTTOM OF THE 9TH
National League All-Stars batting - Pitching for American League All-Stars : RHP Manuel Avitia
Batting: RHB Dave Cluster 0-0: Ground out 6-3 (Groundball, 6, EV 87.5 MPH)
Pitching: RHP Julian Black
Batting: RHB Eric Wiss 0-0: Ball
1-0: Fly out, F4 (Flyball, 34D, EV 90.0 MPH)
Batting: RHB Gabe Almazan 0-0: Foul Ball, location: 2F
0-1: Ball
1-1: Called Strike
1-2: Strikes out swinging
Bottom of the 9th over - 0 runs, 0 hits, 0 errors, 0 left on base; American League 3 - National League 2
Tuesday, March 28th , 2023 - OOTP Baseball 23.10 Build 110